 Dungeon Crawl Stone Soup version 0.31-a0-435-g2c6fae2916 (webtiles) character file.

Game seed: 15158383065728160170

12153 lunkers the Black Belt (level 12, -3/100 HPs)
             Began as a Meteoran Shapeshifter on Aug 1, 2023.
             Was the Champion of Jiyva.
             Slain by a fire bat (9 damage)
             ... summoned by an orange crystal statue
             ... in a Gauntlet.
             The game lasted 00:12:53 (4844 turns).

lunkers the Black Belt (Meteoran Shapeshifter)      Turns: 4844, Time: 00:12:54

Health: -3/100     AC:  1    Str: 15      XL:     12   Next: 45%
Magic:  6/13       EV: 17    Int: 18 (19) God:    Jiyva [******]
Gold:   397        SH:  0    Dex: 17      Spells: 11/11 levels left

rFire   . .          .
                       - Unarmed
rCold   . . .        (no shield)
rNeg    . . .        s - melded +0 troll leather armour
rPois   .            (no helmet)
rElec   .            k - +0 cloak
rCorr   +            (no gloves)
SInv    .            (no boots)
Will    +....        (no amulet)
Stlth   +            (no ring)
HPRegen 3.56/turn    (no ring)
MPRegen 0.63/turn

%: no teleportation
@: maw-form, frozen, glowing, very slow
A: devouring maw, sense surroundings 2, otherworldly, glowing, explore regen,
clever 2, regeneration 2, acidic bite, eyeballs 1, jelly sensing items, jelly
absorbing missiles
a: Begin Untransformation, Renounce Religion, Oozemancy, Slimify


You were in a Gauntlet.
You worshipped Jiyva.
Jiyva was exalted by your worship.
You were a creature with a mouth for a stomach.
You visited 2 branches of the dungeon, and saw 15 of its levels.
You also visited: Ossuary and Gauntlet.

You collected 397 gold pieces.

Inventory:

Missiles
 m - a throwing net
Armour
 a - a +1 animal skin
 g - a +0 ring mail
 k - a +0 cloak (worn)
 s - a +0 troll leather armour (melded)
Jewellery
 t - the ring "Yjuaxur" {+Blink rCorr Str+6 Dex-5 Stlth-}
   (You found it on level 7 of the Dungeon)

   [ring of strength]

   Str:       It affects your strength (+6).
   Dex:       It affects your dexterity (-5).
   +Blink:    It lets you blink.
   rCorr:     It protects you from acid and corrosion.
   Stlth:     It makes you less stealthy.
Talismans
 c - a beast talisman
 x - a maw talisman (active)
Wands
 u - a wand of charming (8)
 v - a wand of polymorph (1)
Scrolls
 e - 6 scrolls of identify
 f - 2 scrolls of enchant armour
 j - 2 scrolls of fog
 w - a scroll of blinking
 y - a scroll of revelation
Potions
 b - 2 potions of lignification
 d - a potion of magic
 h - 2 potions of curing
 i - 4 potions of heal wounds
 l - a potion of resistance
 n - a potion of haste
 o - 3 potions of mutation
 p - 4 potions of attraction
 q - a potion of cancellation
 r - a potion of ambrosia


   Skills:
 + Level 7.5 Fighting
 + Level 8.6 Dodging
 * Level 16.3 Unarmed Combat
 + Level 9.1 Shapeshifting


You had 11 spell levels left.
You didn't know any spells.
Your spell library contained the following spells:

 Spells                   Type           Power      Damage    Failure   Level
 Summon Small Mammal      Summ           0%         N/A       22%         1
 Cigotuvi's Dreadful Rot  Necr/Pois/Air  0%         N/A       32%         2
 Sublimation of Blood     Necr           0%         N/A       32%         2
 Wereblood                Tmut           0%         N/A       32%         2
 Call Canine Familiar     Summ           0%         N/A       54%         3
 Gell's Gravitas          Tloc           0%         N/A       54%         3
 Ignite Poison            Fire/Tmut/Pois 0%         N/A       54%         3
 Summon Guardian Golem    Hex/Summ       0%         N/A       54%         3
 Teleport Other           Tloc           0%         N/A       54%         3
 Cause Fear               Hex            0%         N/A       91%         4
 Fireball                 Conj/Fire      0%         3d3       99%         5
 Freezing Cloud           Conj/Ice/Air   0%         6-21      99%         5
 Irradiate                Conj/Tmut      0%         3d11      99%         5
 Iskenderun's Battlesphe  Conj           0%         2d6       99%         5
 Dispersal                Tloc           0%         N/A       100%        6
 Leda's Unmaking          Conj/Erth      0%         9d1       100%        6
 Spellforged Servitor     Conj/Summ      0%         N/A       100%        7
 Summon Hydra             Summ           0%         N/A       100%        7
 Dragon's Call            Summ           0%         N/A       100%        9


Dungeon Overview and Level Annotations

Branches:
Dungeon (12/15) Zot: 2719  Temple (0/1) D:5            Lair (4/5) D:11 Zot: 1853
 Shoals (0/4) Lair:2      Ossuary (visited)         Gauntlet (1/1) Zot: 403
  Snake: Lair:2-3    Spider: Lair:2-3     Slime: Lair:4-5       Orc: D:9-12

Altars:
Sif Muna
Xom
Yredelemnul
Jiyva

Annotations:
Gauntlet 11 transporters, exclusion: orange crystal statue


Innate Abilities, Weirdness & Mutations

You are a creature with a mouth for a stomach.
Your midsection houses a second, enormous mouth.
You passively map the area around you.
You are easily found by Zot.
You glow in the dark.
You regain HP and MP as you explore.
Your mind is very acute. (Int +8, Str/Dex -2)
You heal very quickly.
You have acidic saliva.
Your body has grown eyes which may confuse attackers. (Acc +3)
You have a small jelly attached to you that senses nearby items.
You have a small jelly attached to you that may absorb projectiles.


Message History

You closely miss the rime drake. The fire bat barely misses you.
The rime drake bites you.
You bump into the translucent stone wall.
The rime drake bites you!
* * * LOW HITPOINT WARNING * * *
You feel better. The rime drake breathes ice at you.
The icy flash freeze hits you!!
* * * LOW HITPOINT WARNING * * *
You are encased in ice.
The catoblepas misses you.
The orange crystal statue fixes its piercing gaze on you.
You feel dopey. Something feeds on your intellect!
You pummel the rime drake!!
The rime drake is severely wounded.
The rime drake barely misses you.
Unknown command.
You punch the rime drake!
The rime drake is almost dead.
The catoblepas gores you!!
* * * LOW HITPOINT WARNING * * *
The rime drake closely misses you.
You hit the rime drake but do no damage.
The rime drake is almost dead.
A nearby fungus withers and dies.
The rime drake bites you.
* * * LOW HITPOINT WARNING * * *
The orange crystal statue fixes its piercing gaze on you.
Something tries to feed on your intellect!
The reaper whispers, "Time's up, lunkers!"
The catoblepas gores you!!
* * * LOW HITPOINT WARNING * * *
You shudder from the blow and a jelly pops out!
You punch the rime drake!
You kill the rime drake!
The rime drake's corpse dissolves into shadows!
The fire bat bites you.
* * * LOW HITPOINT WARNING * * *
You are engulfed in flames!
You die...

..#########...#.........#...#####
..#...###.#...#.PPP.PP..#...#....
..#.#...#.#...#..#PPP#P.#...#....
..#.###..4#...#.PPP.P.P.#...#...#
8.#.#.©.#5#.8.#....©....#.8.#..#©
..#...###.#...#...P.P.P.#...#.###
..#.#...#4#...#..#...#P.#...#..#.
..#.[|©.!2#...#JPY.8.P..#...#..)©
..#########...#.Wb[©?...#...#####
....#.©.#.....###########.....#.©
8...#.8.#...8....#.©.#....8...#.8
....#.©.#........#...#........#.©
.###########.....#.©.#.....######
.#2h......h#...#########...#u..#.
.#..##.##..#...#ZZ.....#...#..#..
.#.##...##.#...####.####...#.##..
.#.#.....#.#...#..#.#ZZ#...##^^#.


You could see a catoblepas (summoned, ally target), a reaper, an orange crystal
statue, 2 hellwings, a hell hound, a fire bat (summoned), a shadow imp, an ice
dragon simulacrum, a centaur warrior simulacrum and a friendly acid blob
(summoned).

Vanquished Creatures
  A hydra (Lair:4)
  A two-headed ogre (D:11)
  Amaemon (D:11)
  Pikel (D:5)
  An oklob plant (Lair:2)
  An ugly thing (D:12)
  A merfolk siren (Lair:2)
  3 cane toads
  An orange demon (D:11)
  A komodo dragon (Lair:4)
  A troll (D:12)
  A polar bear (Lair:2)
  3 blink frogs (Lair:4)
  A vampire (D:11)
  A wyvern (D:9)
  3 yaks (D:8)
  3 basilisks
  8 water moccasins
  3 orc warriors
  2 ice beasts
  2 ogres (D:7)
  3 black bears
  A wolf (Lair:2)
  9 centaurs
  A phantom (D:5)
  5 bullfrogs
  5 scorpions
  2 water moccasin zombies (Ossuary)
  3 killer bees (D:7)
  A howler monkey (D:6)
  2 hounds (D:5)
  3 orc priests
  4 iguanas
  A sleepcap (D:5)
  3 orc wizards
  2 mummies (Ossuary)
  4 adders
  2 shadow imps (D:7)
  3 white imps
  2 ufetubi (D:5)
  3 adder zombies (Ossuary)
  2 dart slugs
  24 orcs
  5 endoplasms
  3 giant cockroaches
  5 gnoll zombies (Ossuary)
  A goblin (D:1)
  A hobgoblin (D:2)
  4 jackals (D:2)
  3 quokkas
  7 ball pythons
  4 bats
  8 frilled lizards (D:2)
  3 hobgoblin zombies (Ossuary)
  4 kobolds
  3 kobold zombies (Ossuary)
  3 orc zombies (Ossuary)
  3 rats
182 creatures vanquished.

Vanquished Creatures (collateral kills)
  A two-headed ogre (D:11)
  A komodo dragon (Lair:4)
  A rime drake (Lair:2)
  A troll (D:11)
  A vampire (D:11)
  A bullfrog (Lair:2)
6 creatures vanquished.

Vanquished Creatures (others)
  2 glowing orange brains (Gauntlet)
  A gnoll sergeant (D:12)
  A bullfrog (Lair:4)
  Dowan (D:6)
  8 jellies
  A hound (D:6)
  4 gnolls (D:12)
  An endoplasm (D:4)
19 creatures vanquished.

Grand Total: 207 creatures vanquished

Notes
Turn   | Place    | Note
-------+----------+-------------------------------------------
     0 | D:1      | lunkers the Meteoran Shapeshifter began the quest for the
                  | Orb.
     0 | D:1      | Reached XP level 1. HP: 16/16 MP: 2/2
   130 | D:1      | Reached skill level 4 in Unarmed Combat
   130 | D:1      | Reached XP level 2. HP: 17/23 MP: 3/3
   427 | D:2      | Reached XP level 3. HP: 25/28 MP: 4/4
   654 | D:2      | Reached XP level 4. HP: 35/35 MP: 5/5
   730 | D:2      | Reached skill level 5 in Unarmed Combat
  1033 | D:3      | Found a faded altar of an unknown god.
  1038 | D:3      | Prayed at the altar of an unknown god.
  1038 | D:3      | Became a worshipper of Jiyva Jodun the Shapeless
  1038 | D:3      | Reached * piety under Jiyva
  1350 | D:3      | Found a shimmering altar of Xom.
  1351 | D:3      | Found a shimmering blue altar of Sif Muna.
  1472 | D:4      | Noticed a scorpion
  1480 | D:4      | Killed a scorpion
  1481 | D:4      | Reached XP level 5. HP: 39/40 MP: 6/6
  1508 | D:4      | Reached ** piety under Jiyva
  1535 | D:4      | Reached skill level 6 in Unarmed Combat
  1549 | D:4      | Noticed a black bear
  1557 | D:4      | Killed a black bear
  1558 | D:4      | Reached XP level 6. HP: 36/47 MP: 7/7
  1732 | D:4      | Reached skill level 7 in Unarmed Combat
  1732 | D:4      | Reached skill level 5 in Shapeshifting
  1799 | D:4      | Reached XP level 7. HP: 21/52 MP: 8/8
  1833 | D:5      | Entered Level 5 of the Dungeon
  1845 | D:5      | Noticed Pikel
  1860 | D:5      | Killed Pikel
  1861 | D:5      | Reached skill level 9 in Unarmed Combat
  1861 | D:5      | Reached XP level 8. HP: 24/59 MP: 9/9
  1874 | D:5      | Found a staircase to the Ecumenical Temple.
  1980 | D:5      | Reached skill level 10 in Unarmed Combat
  2003 | D:5      | Reached *** piety under Jiyva
  2018 | D:5      | Gained mutation: You passively map the area around you.
                  | [Meteoran growth]
  2018 | D:5      | Reached XP level 9. HP: 37/64 MP: 10/10
  2076 | D:5      | Gained mutation: You expend magic power (3 MP) to
                  | strengthen your wands. [Jiyva's grace]
  2076 | D:5      | Gained mutation: Your body has grown eyes which may confuse
                  | attackers. (Acc +3) [Jiyva's grace]
  2076 | D:5      | Gained mutation: Your body has grown many eyes which may
                  | confuse attackers. (Acc +5) [Jiyva's grace]
  2076 | D:5      | Gained mutation: Your body is covered in eyes which may
                  | confuse attackers. (Acc +7, SInv) [Jiyva's grace]
  2307 | D:6      | Reached skill level 11 in Unarmed Combat
  2343 | D:6      | Identified the +9 trident "Newtslayer" {spect, rElec rF-
                  | Str+3 Int+2}
  2403 | D:6      | Found a sand-covered staircase.
  2412 | Ossuary  | Entered an ossuary
  2612 | D:6      | Killed Dowan
  2678 | D:6      | Reached skill level 12 in Unarmed Combat
  2732 | D:7      | Reached **** piety under Jiyva
  2824 | D:7      | Reached XP level 10. HP: 71/71 MP: 11/11
  2941 | D:7      | Identified the ring "Yjuaxur" {+Blink rCorr Str+6 Dex-5
                  | Stlth-}
  3358 | D:8      | Found a basalt altar of Yredelemnul.
  3452 | D:8      | Identified the +1 mace of Decwywiym {protect, rElec Str+3
                  | Stlth+}
  3491 | D:8      | Lost mutation: Your body is covered in eyes which may
                  | confuse attackers. (Acc +7, SInv) [Jiyva's grace]
  3491 | D:8      | Lost mutation: You expend magic power (3 MP) to strengthen
                  | your wands. [Jiyva's grace]
  3491 | D:8      | Gained mutation: You have acidic saliva. [Jiyva's grace]
  3491 | D:8      | Gained mutation: Your natural rate of healing is unusually
                  | fast. [Jiyva's grace]
  3491 | D:8      | Gained mutation: You heal very quickly. [Jiyva's grace]
  3491 | D:8      | Gained mutation: You regenerate. [Jiyva's grace]
  3609 | D:8      | Reached ***** piety under Jiyva
  3716 | D:9      | Reached skill level 13 in Unarmed Combat
  3790 | D:9      | You fall into a shaft and drop 3 floors!
  3808 | D:12     | Noticed a brown ugly thing
  3819 | D:12     | Killed a brown ugly thing
  3820 | D:12     | Reached skill level 5 in Dodging
  3840 | D:11     | Noticed Amaemon
  3842 | D:11     | Noticed an orange demon
  3866 | D:11     | Reached XP level 11. HP: 70/85 MP: 12/12
  3893 | D:11     | Killed Amaemon
  3894 | D:11     | Reached skill level 14 in Unarmed Combat
  3918 | D:11     | Reached skill level 5 in Fighting
  3939 | D:11     | Noticed a two-headed ogre
  3945 | D:11     | Noticed a two-headed ogre
  3953 | D:11     | Killed a two-headed ogre
  3956 | D:11     | Killed a two-headed ogre
  3961 | D:11     | Reached skill level 15 in Unarmed Combat
  4051 | D:11     | Found a staircase to the Lair.
  4083 | Lair:1   | Entered Level 1 of the Lair of Beasts
  4197 | Lair:2   | Noticed an oklob plant
  4214 | Lair:2   | Killed an oklob plant
  4279 | Lair:2   | Noticed a merfolk siren
  4284 | Lair:2   | Killed a merfolk siren
  4287 | Lair:2   | Found a staircase to the Shoals.
  4324 | Lair:2   | Reached XP level 12. HP: 97/97 MP: 13/13
  4546 | Lair:4   | Reached skill level 16 in Unarmed Combat
  4621 | Lair:4   | Noticed a four-headed hydra
  4626 | Lair:4   | Killed a four-headed hydra
  4635 | Lair:4   | Found a gate leading to a gauntlet.
  4646 | Gauntlet | Entered a Gauntlet
  4646 | Gauntlet | Found a transporter.
  4655 | Gauntlet | Found a transporter.
  4656 | Gauntlet | Found a transporter.
  4656 | Gauntlet | Noticed an orange crystal statue
  4656 | Gauntlet | Noticed a reaper
  4660 | Gauntlet | Found a transporter.
  4662 | Gauntlet | Noticed a balrug
  4665 | Gauntlet | Found a transporter.
  4665 | Gauntlet | Found a transporter.
  4669 | Gauntlet | Found a transporter.
  4670 | Gauntlet | Found a transporter.
  4671 | Gauntlet | Reached ****** piety under Jiyva
  4696 | Gauntlet | Killed a glowing orange brain
  4701 | Gauntlet | Lost mutation: You regenerate. [Jiyva's grace]
  4701 | Gauntlet | Lost mutation: Your body has grown many eyes which may
                  | confuse attackers. (Acc +5) [Jiyva's grace]
  4701 | Gauntlet | Gained mutation: Your mind is acute. (Int +4, Str/Dex -1)
                  | [Jiyva's grace]
  4701 | Gauntlet | Gained mutation: Your mind is very acute. (Int +8, Str/Dex
                  | -2) [Jiyva's grace]
  4701 | Gauntlet | Gained mutation: You have a small jelly attached to you
                  | that may absorb projectiles. [Jiyva's grace]
  4701 | Gauntlet | Gained mutation: You have a small jelly attached to you
                  | that senses nearby items. [Jiyva's grace]
  4735 | Gauntlet | Noticed a catoblepas
  4737 | Gauntlet | Found a transporter.
  4749 | Gauntlet | Found a transporter.
  4753 | Gauntlet | Found a transporter.
  4768 | Gauntlet | Found a transporter.
  4774 | Gauntlet | Noticed a glowing orange brain
  4788 | Gauntlet | Killed a glowing orange brain
  4823 | Gauntlet | Noticed a catoblepas
  4844 | Gauntlet | Slain by a fire bat

Illustrated notes

Levels and vault maps discovered:
D:1:      scummos_arrival_simple_crosswalls, layout_rooms, serial_bayou,
          serial_bayou_shore_a, serial_bayou_lagoon_b, serial_bayou_lagoon_a,
          serial_bayou_pond_d, kennysheep_decorative_pillar,
          nicolae_concentric_dashed_squares_wild, kennysheep_nondescript
D:2:      layout_rooms, kennysheep_cross_room, minmay_lizard_king
D:3:      layout_basic, mainiacjoe_overflow_divided_tiny,
          shapermc_ecumenical_altar_mp_urbaneastern
D:4:      minmay_angry_zag, layout_layer_cave, serial_glass, glass_columns_a,
          glass_columns_b, glass_columns_a, glass_columns_b, glass_columns_b,
          glass_columns_a, glass_columns_a, glass_columns_a,
          sigmund_edmund_badplayer
D:5:      layout_rooms, temple_pool_b, kennysheep_flooded_box, uniq_pikel
D:6:      layout_basic, makhleb_blood_cavern_becter, enter_ossuary_1,
          grunt_ministairs_3, kennysheep_small_circle, uniq_duvessa
D:7:      layout_cave_pods
D:8:      layout_gridville, overflow_temple_1_default
D:9:      layout_irregular_city, serial_shops, shop, st_stairs_10
D:11:     layout_basic, lair_entry_dummy, uniq_amaemon
D:12:     layout_irregular_city, kennysheep_generic_room_7
Lair:1:   layout_small_grid, nicolae_quartered_pool_super, serial_bayou_pond_e,
          grunt_megastairs_1, infiniplex_staircase_pool_2
Lair:2:   layout_gridlike, minmay_shoals_entry_lonely_mermaid,
          minmay_shattered_shrine
Lair:3:   minmay_lair_oklob_chamber, layout_regular_city,
          hellmonk_spider_entry_not_the_bees, gammafunk_lair_bear_cave
Lair:4:   layout_small_grid, nicolae_slime_entry_slimehenge,
          ebering_ghost_rock_garden, gauntlet_entry_generic, grunt_megastairs_5,
          uniq_rupert, uniq_kirke
Gauntlet: minmay_gauntlet_mixed_oops_all_seconds
          [minmay_gauntlet_arena_77_double_cross,
          gammafunk_gauntlet_arena_hedges,
          minmay_gauntlet_arena_77_broken_ladder,
          gammafunk_gauntlet_arena_chambers, minmay_gauntlet_arena_77_mirror,
          gammafunk_gauntlet_arena_split_diamond,
          dreamdust_gauntlet_exit_labyrinth]

Skill      XL: |  1  2  3  4  5  6  7  8  9 10 11 12 |
---------------+-------------------------------------+-----
Unarmed Combat | 4 5 6 7 9 10 12 13 15 16 | 16.3
Shapeshifting  | 4 5 6 8 9 |  9.1
Dodging        | 5 7 8 |  8.6
Fighting       | 4 6 7 |  7.5

Action                     |  1- 3 |  4- 6 |  7- 9 | 10-12 || total
---------------------------+-------+-------+-------+-------++-------
  Melee: Unarmed           |    70 |    90 |   180 |   210 ||   550
         Punch             |     3 |    10 |    19 |    23 ||    55
         Bite              |       |       |       |    37 ||    37
         Maw               |       |       |       |     6 ||     6
    Use: Scroll            |     6 |     2 |     6 |     4 ||    18
         Potion            |       |       |       |     2 ||     2
   Stab: Confused          |       |       |     8 |     9 ||    17
 Armour: Animal skin       |    13 |       |       |       ||    13
         Ring mail         |       |    28 |    59 |    25 ||   112
         Skin              |       |       |       |    33 ||    33
         Troll leather arm |       |       |       |     4 ||     4
  Dodge: Dodged            |    28 |    48 |    85 |   130 ||   291
   Form: Maw               |       |       |       |     1 ||     1

Table legend: (Time is in decaauts)
 A = Elapsed time spent in this place.
 B = Non-inter-level travel time spent in this place.
 C = Inter-level travel time spent in this place.
 D = Time resting spent in this place.
 E = Time spent auto-exploring this place.
 F = Levels seen in this place.
 G = Mean time per level.
                   A        B        C        D        E       F      G
               +--------+--------+--------+--------+--------+-----+--------+
         Total |   4767 |   4569 |    198 |      0 |   2975 |  17 |  280.4 |
       Dungeon |   3880 |   3682 |    198 |      0 |   2576 |  11 |  352.7 |
          Lair |    546 |    546 |      0 |      0 |    334 |   4 |  136.5 |
       Ossuary |    144 |    144 |      0 |      0 |     64 |   1 |  144.0 |
      Gauntlet |    195 |    195 |      0 |      0 |      0 |   1 |  195.0 |
               +--------+--------+--------+--------+--------+-----+--------+

Top non-repeatable levels by time:
     D:3: 682 daAuts
     D:7: 519 daAuts
     D:5: 454 daAuts
     D:1: 423 daAuts
     D:4: 400 daAuts
     D:8: 368 daAuts
     D:2: 327 daAuts
     D:6: 267 daAuts
  Lair:2: 256 daAuts
    D:11: 244 daAuts
Gauntlet: 195 daAuts
     D:9: 148 daAuts
 Ossuary: 144 daAuts
  Lair:4: 138 daAuts
  Lair:3: 119 daAuts
